 Dungeon Crawl Stone Soup version 0.25.1-2-g60ff931df9 (webtiles) character file.

Game seed: 379480163669625848

51 Cazemata the Skirmisher (level 3, -1/33 HPs)
             Began as a Draconian Berserker on Oct 7, 2020.
             Was a Follower of Trog.
             Slain by a gnoll
             ... wielding a +2 vorpal halberd
              (2 damage)
             ... on level 2 of the Dungeon.
             The game lasted 00:20:56 (1259 turns).

Cazemata the Skirmisher (Draconian Berserker)       Turns: 1259, Time: 00:20:57

Health: -1/33      AC:  5    Str: 20    XL:     3   Next: 58%
Magic:  3/3        EV: 13    Int:  7    God:    Trog [*.....]
Gold:   57         SH:  0    Dex: 10    Spells: 2/2 levels left

rFire    + . .     SeeInvis .   f - +1 dagger (speed)
rCold    x . .     Gourm    .   (no shield)
rNeg     . . .     Faith    .   (armour unavailable)
rPois    .         Spirit   .   (helmet restricted)
rElec    .         Reflect  .   (no cloak)
rCorr    .         Harm     .   (no gloves)
MR       .....                  (no boots)
Stlth    +.........             (no amulet)
HPRegen  0.11/turn              c - ring of fire
MPRegen  0.08/turn              (no ring)

@: no status effects
A: unfitting armour, cold-blooded, AC +5
a: Berserk, Renounce Religion


You were on level 2 of the Dungeon.
You worshipped Trog.
Trog was aware of your devotion.
You were not hungry.

You visited 1 branch of the dungeon, and saw 2 of its levels.

You collected 57 gold pieces.

Inventory:

Hand Weapons
 a - a +0 hand axe
 d - a +0 whip
 f - a +1 dagger of speed (weapon)
Armour
 g - a cursed +0 leather armour
Jewellery
 c - a ring of fire (left hand)
Scrolls
 e - a scroll of teleportation {unknown}
 i - a scroll of enchant weapon {unknown}
Potions
 h - a potion of brilliance {unknown}
Comestibles
 b - a ration


   Skills:
 + Level 3.8 Fighting
 + Level 3.6 Axes
 + Level 3.3 Dodging


You had 2 spell levels left.
You didn't know any spells.
Your spell library was empty.

Dungeon Overview and Level Annotations

Branches:
Dungeon (2/15)

Altars:
Cheibriados
Nemelex Xobeh
Vehumet


Innate Abilities, Weirdness & Mutations

Your plain brown scales are hard. (AC +5)
You cannot fit into any form of body armour.
You are cold-blooded and may be slowed by cold attacks.


Message History

You hit the bat.
You kill the bat!
Trog accepts your kill.
You hit the gnoll. You tail-slap the gnoll.
The gnoll is moderately wounded.
The gnoll barely misses you. The gnoll hits you!
You barely miss the gnoll. You tail-slap the gnoll.
The gnoll is severely wounded.
You barely miss the gnoll.
The gnoll is severely wounded.
The gnoll barely misses you. x2; The gnoll misses you.
You hit the gnoll.
You kill the gnoll!
Trog accepts your kill. The gnoll misses you.
The gnoll hits you from afar with a cursed -3 spear.
The gnoll hits you with a cursed -3 spear.
The gnoll hits you with a +2 vorpal halberd!
* * * LOW HITPOINT WARNING * * *
You die...

#....... ###
#######.###... #..
>.......####.# #.#
########...... ... #.#####
####.#### #.# # #.......#
#.#
#######.##g##.########.###
#.........g@.........#...#
#.#####.#..##.###### ###.#
#.#.###.# #.# #.#.###.#
#.# #†......# #.#
###.##### #.# #...# #.#
###.# #.# #.#### #.#


You could see 2 gnolls.

Vanquished Creatures
  A gnoll (D:2)
  An ooze (D:1)
  A worm (D:2)
  3 dart slugs
  A leopard gecko (D:1)
  5 goblins
  4 hobgoblins (D:1)
  6 bats
  2 frilled lizards (D:1)
  2 kobolds (D:1)
  3 rats (D:1)
29 creatures vanquished.

Notes
Turn   | Place    | Note
-------+----------+-------------------------------------------
     0 | D:1      | Cazemata the Draconian Berserker began the quest for the
                  | Orb.
     0 | D:1      | Reached XP level 1. HP: 19/19 MP: 1/1
   138 | D:1      | Reached XP level 2. HP: 14/26 MP: 2/2
   610 | D:1      | Reached XP level 3. HP: 32/33 MP: 3/3
   693 | D:1      | Reached ** piety under Trog
  1059 | D:2      | Found a radiant altar of Vehumet.
  1171 | D:2      | Found a snail-covered altar of Cheibriados.
  1171 | D:2      | Found a sparkling altar of Nemelex Xobeh.
  1259 | D:2      | HP: 1/33 [gnoll/+2 vorpal halberd (13)]
  1259 | D:2      | Slain by a gnoll

Illustrated notes

Levels and vault maps discovered:
D:1:      lightli_arrival_isolated_outpost, layout_basic
D:2:      layout_loops_ring, vehumet_crystals, gammafunk_temple_overflow_pools

Skill      XL: |  1  2 |
---------------+-------+-----
Dodging        | 3 |  3.3
Fighting       | |  3.8
Axes           | |  3.6

Action                   || total
-------------------------++-------
Melee: Hand axe          ||    68
       Tailslap          ||    11
       Dagger            ||    26
  Eat: Ration            ||     1
Armor: Skin              ||    37
Dodge: Dodged            ||    72
